 Dungeon Crawl Stone Soup version 0.29-a0-559-g359e09b9d1 (webtiles) character file.

Game seed: 8775677689689263076

16 spiderkeys the Ducker (level 2, 0/18 HPs)
             Began as a Deep Elf Abyssal Knight on June 10, 2022.
             Was a Believer of Lugonu.
             Slain by a kobold
             ... wielding a +0 short sword
              (5 damage)
             ... on level 1 of the Dungeon.
             The game lasted 00:01:19 (963 turns).

spiderkeys the Ducker (Deep Elf Abyssal Knight)      Turns: 963, Time: 00:01:19

Health: 0/18       AC:  3    Str: 10    XL:     2   Next: 41%
Magic:  5/5        EV: 12    Int: 14    God:    Lugonu [**....]
Gold:   14         SH:  0    Dex: 15    Spells: 3/3 levels left

rFire   . . .      SeeInvis .   a - +1 short sword
rCold   . . .      Faith    .   (no shield)
rNeg    . . .      Spirit   .   b - +0 leather armour
rPois   .          Reflect  .   (no helmet)
rElec   .          Harm     .   (no cloak)
rCorr   .          Rampage  .   (no gloves)
Will    .....                   (no boots)
Stlth   +.........              (no amulet)
HPRegen 0.06/turn               (no ring)
MPRegen 0.09/turn               (no ring)

@: no status effects
A: no striking features
a: Renounce Religion, Depart the Abyss, Bend Space


You were on level 1 of the Dungeon.
You worshipped Lugonu.
Lugonu was pleased with you.
You visited 1 branch of the dungeon, and saw 1 of its levels.
You visited the Abyss 1 time.

You collected 14 gold pieces.


   Skills:
 + Level 2.5 Fighting
 + Level 2.2 Short Blades
 - Level 0.7 Armour
 + Level 2.7 Dodging
 + Level 1.1 Spellcasting
 + Level 2.2 Invocations


You had 3 spell levels left.
You didn't know any spells.
Your spell library was empty.

Inventory:

Hand Weapons
 a - a +1 short sword (weapon)
Missiles
 c - 20 stones
 h - 6 silver javelins
Armour
 b - a +0 leather armour (worn)
Scrolls
 e - a scroll of poison {unknown}
 g - a scroll of identify {unknown}
Potions
 d - a potion of lignification {unknown}
 f - a potion of degeneration {unknown}

Dungeon Overview and Level Annotations

Branches:
Dungeon (1/15)

Altars:

Shops:
D:1

*: .....##.# ###.
#########.###.# ##..##.#
#.. .............
###..##.# #.###
#############
....รท##.###.#.#
###...........####
.................#
###..####.######.# ###..#
#.# #.# .....# #.# #@#
####.####.######K#####.#.
................r........
.#.#.#.##.######.........
........#.. .........w.
.......#### ########..#.
....>...# .# .......### #
.........#


You could see a quokka and a kobold.


Message History

No target in view!
Unknown command.
No target in view!
Key pressed, stopping explore.
You see here a rat skeleton.
Key pressed, stopping explore.
An endoplasm comes into view.
An endoplasm is nearby! ๐Ÿ˜Ž HP[+1]
Your hp is fully restored (18).
The endoplasm quivers.
You hit the endoplasm. The endoplasm freezes you.
You are frozen. ๐Ÿ˜• HP[-2]
You take 2 damage, and now have 16/18 hp.
You hit the endoplasm.
You kill the endoplasm!
Lugonu accepts your kill.
No target in view!
No target in view!
A bat and an endoplasm come into view. ๐Ÿ˜Ž HP[+2]
Your hp is fully restored (18).
There are monsters nearby!
There are monsters nearby!
The bat misses you.
You hit the endoplasm but do no damage. The bat misses you.
The endoplasm hits you. ๐Ÿ˜• HP[-2]
You take 2 damage, and now have 16/18 hp.
You barely miss the endoplasm. The bat hits you but does no damage.
The endoplasm freezes you.
You are frozen. ๐Ÿ˜ฎ HP[-5]
You take 5 damage, and now have 11/18 hp.
MASSIVE DAMAGE!! (PAUSE)
You are too injured to fight recklessly!
You are too injured to fight recklessly!
You hit the endoplasm. The bat hits you but does no damage.
The endoplasm freezes you.
You are frozen.
* * * LOW HITPOINT WARNING * * *
๐Ÿ˜จ HP[-2]
You take 2 damage, and now have 9/18 hp.
You hit the endoplasm. The bat closely misses you. The bat hits you.
* * * LOW HITPOINT WARNING * * *
The endoplasm freezes you.
You are frozen.
* * * LOW HITPOINT WARNING * * *
The bat closely misses you. ๐Ÿ˜ฑ HP[-5]
You take 5 damage, and now have 4/18 hp.
MASSIVE DAMAGE!! (PAUSE)
You hit the endoplasm.
You kill the endoplasm!
Lugonu accepts your kill. The bat hits you but does no damage.
The bat misses you.
You hit the bat.
You kill the bat!
Lugonu accepts your kill.
You see here a bat corpse.
Key pressed, stopping explore.
Key pressed, stopping explore.
Key pressed, stopping explore.
Key pressed, stopping explore.
Key pressed, stopping explore.
h - 6 silver javelins ๐Ÿ˜Ž HP[+14]
Your hp is fully restored (18).
A quokka and a kobold come into view.
There are monsters nearby!
The kobold shouts!
The quokka barely misses you.
You miss the quokka.
The quokka bites you but does no damage.
You hit the quokka.
The kobold hits you with a +0 short sword.
The quokka misses you. ๐Ÿ˜• HP[-2]
You take 2 damage, and now have 16/18 hp.
You barely miss the quokka. The quokka bites you.
The kobold hits you with a +0 short sword.
A dart slug comes into view.
The quokka bites you.
* * * LOW HITPOINT WARNING * * *
๐Ÿ˜จ HP[-10]
You take 10 damage, and now have 6/18 hp.
MASSIVE DAMAGE!! (PAUSE)
The kobold attacks as you move away! The kobold barely misses you.
You hit the kobold.
The kobold hits you with a +0 short sword.
* * * LOW HITPOINT WARNING * * *
๐Ÿ˜จ HP[-1]
You take 1 damage, and now have 5/18 hp.
You closely miss the kobold. The kobold barely misses you.
You hit the kobold but do no damage.
The kobold hits you with a +0 short sword.
You die...

Skill      XL: |  1  2 |
---------------+-------+-----
Spellcasting   | 1 |  1.1
Fighting       | |  2.5
Short Blades   | |  2.2
Armour         | |  0.7
Dodging        | |  2.7
Invocations    | |  2.2

Action                   || total
-------------------------++-------
Melee: Short sword       ||    56
       Punch             ||     1
Armor: Leather armour    ||     9
Dodge: Dodged            ||    34

Levels and vault maps discovered:
D:1:      elethiomel_arrival_maze, layout_loops_ring,
          hellmonk_ecumenical_altar_watching_god, serial_shops, shop,
          nicolae_shop_temple_entry_statues_fountains, shop,
          nicolae_shop_temple_entry_statues_fountains, st_stairs_4,
          minmay_hexomino_f4

Notes
Turn   | Place    | Note
-------+----------+-------------------------------------------
     0 | Abyss:1  | spiderkeys the Deep Elf Abyssal Knight began the quest for
                  | the Orb.
     0 | Abyss:1  | Reached XP level 1. HP: 13/13 MP: 4/4
     0 | Abyss:1  | magus.rc [v1.11.3]
     0 | Abyss:1  | Found a corrupted altar of Lugonu.
     7 | D:1      | You pass through the gate.
     7 | D:1      | Escaped the Abyss
   115 | D:1      | Found Kecseb's Book Shop.
   133 | D:1      | Found a faded altar of an unknown god.
   133 | D:1      | Noticed a floating eye
   177 | D:1      | Noticed a golden eye
   177 | D:1      | Noticed a shining eye
   177 | D:1      | Noticed a great orb of eyes
   391 | D:1      | Reached XP level 2. HP: 17/18 MP: 5/5
   412 | D:1      | Found Sukehak's General Store.
   431 | D:1      | Reached skill level 1 in Spellcasting
   706 | D:1      | HP: 4/18 [frozen (4)]
   963 | D:1      | Slain by a kobold

Vanquished Creatures
  A ball python (D:1)
  2 bats (D:1)
  4 endoplasms (D:1)
  2 giant cockroaches (D:1)
  A kobold (D:1)
  A quokka (D:1)
  A frilled lizard (D:1)
  2 rats (D:1)
14 creatures vanquished.

Table legend:
 A = Non-vault XP
 B = Vault XP
 C = Vault XP percentage of total XP
 D = Non-vault monster count
 E = Vault monster count
 F = Vault count percentage of total count
                 A         B        C        D         E       F
            +---------+---------+-------+---------+---------+-------
      Total |      20 |       4 |  16.7 |      12 |       2 |  14.3
            +---------+---------+-------+---------+---------+-------
        D:1 |      20 |       4 |  16.7 |      12 |       2 |  14.3
            +---------+---------+-------+---------+---------+-------

Illustrated notes

Table legend:
 A = Kills in this place as a percentage of kills in entire the game.
 B = Kills by you in this place as a percentage of kills by you in the entire game.
 C = Kills by friends in this place as a percentage of kills by friends in the entire game.
 D = Other kills in this place as a percentage of other kills in the entire game.
 E = Experience gained in this place as a percentage of experience gained in the entire game.
 F = Experience gained in this place divided by the number of levels of this place that you have seen.
                   A       B       C       D       E      F
               +-------+-------+-------+-------+-------+----------------------
         Total | 100.0 | 100.0 |   N/A |   N/A | 100.0 |  12.0
       Dungeon | 100.0 | 100.0 |   N/A |   N/A | 100.0 |  24.0
               +-------+-------+-------+-------+-------+----------------------

Table legend: (Time is in decaauts)
 A = Elapsed time spent in this place.
 B = Non-inter-level travel time spent in this place.
 C = Inter-level travel time spent in this place.
 D = Time resting spent in this place.
 E = Time spent auto-exploring this place.
 F = Levels seen in this place.
 G = Mean time per level.
                   A        B        C        D        E       F      G
               +--------+--------+--------+--------+--------+-----+--------+
         Total |    962 |    962 |      0 |    147 |    700 |   2 |  481.0 |
       Dungeon |    955 |    955 |      0 |    147 |    700 |   1 |  955.0 |
         Abyss |      7 |      7 |      0 |      0 |      0 |   1 |    7.0 |
               +--------+--------+--------+--------+--------+-----+--------+

Top non-repeatable levels by time:
     D:1: 955 daAuts
 Abyss:1: 7 daAuts
